AoeStats
← 公鸡神探

Black Forest

506398907Analyzed
4v4 RM · 20d ago on Sep 13, 2026· 60m 6s· 8 players
Game mode
Random Map
Map size
Large (8 player)
Population
200
Speed
Normal
Resources
Standard
Victory
Conquest
Starting age
Dark Age
Ending age
Imperial Age
RankedLock teamsTeams togetherTeam positionsShared explorationLock speedFull tech treeHidden civsTurbo modeCheats
Victory
Defeat
🇨🇳 Sicilians · China
1252
+14
🇨🇳 Tatars · China
1242
+14
🇹🇼 Teutons · Taiwan
1211
+16
1090
+21
🇹🇼 Shu · Taiwan
1234
-18
🇹🇷 Britons · Türkiye
1205
-16
🇹🇼 Persians · Taiwan
1194
-16
🇹🇼 Khmer · Taiwan
1175
-15
公鸡神探
5:09 Loom
11:13 Feudal Age
11:19 Feudal Age
15:13 Castle Age
13:08 Double-Bit Axe
13:08 Horse Collar
16:03 Scale Barding Armor
16:11 Forging
23:55 Bow Saw
25:28 Heavy Plow
30:38 Imperial Age
29:07 Gold Mining
29:07 Stone Mining
29:22 Fletching
29:33 Padded Archer Armor
30:30 Ballistics
30:31 Bodkin Arrow
29:59 Light Cavalry
30:54 Bloodlines
30:44 Husbandry
31:54 Wheelbarrow
31:36 Bracer
31:51 Leather Archer Armor
32:42 Chemistry
33:35 Gold Shaft Mining
32:41 Heavy Cavalry Archer
34:46 Ring Archer Armor
34:51 Conscription
34:42 Timurid Siegecraft
34:42 Silk Armor
36:29 Light Cavalry
37:36 Chain Barding Armor
37:32 Hussar
41:51 Siege Engineers
46:26 Plate Barding Armor
46:27 Iron Casting
51:22 Elite Steppe Lancer
52:06 Caravan
54:09 Blast Furnace
mydogqmi
0:50 Loom
12:18 Feudal Age
12:29 Man-at-Arms
13:55 Arson
16:54 Fletching
19:22 Wheelbarrow
22:34 Double-Bit Axe
25:29 Castle Age
23:41 Horse Collar
25:14 Forging
25:05 Scale Mail Armor
25:29 Stone Mining
28:01 Bodkin Arrow
28:54 Bow Saw
29:59 Town Watch
32:51 Fishing Lines
36:42 Imperial Age
34:37 Chain Mail Armor
37:19 Iron Casting
36:34 Pikeman
37:14 Squires
37:25 Halberdier
40:52 Two-Man Saw
45:47 Chemistry
无甲的joe
1:49 Loom
9:44 Feudal Age
18:09 Horse Collar
27:12 Castle Age
25:48 Wheelbarrow
25:04 Double-Bit Axe
26:06 Stone Mining
28:47 Heavy Plow
29:00 Bow Saw
32:28 Wheelbarrow
34:25 First Crusade
37:00 Imperial Age
37:12 Pikeman
38:15 Halberdier
39:03 Scale Mail Armor
39:13 Forging
40:35 Crop Rotation
40:35 Chain Mail Armor
42:14 Plate Mail Armor
42:20 Iron Casting
44:38 Squires
44:24 Arson
45:56 Blast Furnace
44:21 Elite Serjeant
46:11 Capped Ram
47:41 Stone Shaft Mining
46:56 Gold Mining
49:01 Siege Ram
50:14 Conscription
50:44 Town Watch
翻斗花园突破手绫小路
11:39 Feudal Age
12:35 Double-Bit Axe
13:16 Horse Collar
16:52 Castle Age
17:17 Wheelbarrow
20:43 Bow Saw
20:34 Heavy Plow
23:54 Gold Mining
23:55 Stone Mining
24:17 Scale Barding Armor
24:17 Padded Archer Armor
24:07 Fletching
28:01 Gold Shaft Mining
30:45 Imperial Age
29:53 Chain Barding Armor
29:48 Leather Archer Armor
29:29 Bodkin Arrow
31:56 Thumb Ring
33:14 Two-Man Saw
33:14 Hand Cart
32:45 Loom
32:47 Town Watch
33:32 Bloodlines
32:44 Light Cavalry
33:52 Parthian Tactics
33:12 Heavy Cavalry Archer
34:38 Crop Rotation
34:20 Hussar
35:34 Ring Archer Armor
35:29 Ballistics
35:35 Conscription
35:18 Recurve Bow
36:08 Bracer
37:46 Plate Barding Armor
38:08 Scale Mail Armor
38:12 Pikeman
40:24 Chemistry
38:51 Halberdier
40:57 Town Patrol
43:08 Caravan
43:25 Chain Mail Armor
Indomitable
0:27 Loom
10:19 Feudal Age
20:29 Castle Age
19:00 Fletching
19:42 Double-Bit Axe
32:24 Bodkin Arrow
32:38 Padded Archer Armor
38:18 Yeomen
40:36 Ballistics
46:28 Leather Archer Armor
48:50 Elite Skirmisher
49:02 Elite Skirmisher
55:58 Wheelbarrow
SBZ
0:29 Loom
12:06 Feudal Age
22:14 Castle Age
28:05 Fletching
34:36 Double-Bit Axe
36:34 Wheelbarrow
35:52 Horse Collar
37:29 Bow Saw
38:21 Bodkin Arrow
38:26 Padded Archer Armor
38:52 Gold Mining
39:21 Crossbowman
40:06 Thumb Ring
40:20 Leather Archer Armor
43:02 Imperial Age
41:50 Hand Cart
41:58 Elite Skirmisher
44:16 Heavy Plow
45:20 Two-Man Saw
44:05 Arbalester
44:52 Arbalester
46:08 Caravan
47:03 Ring Archer Armor
47:48 Gold Shaft Mining
47:21 Bracer
47:47 Conscription
49:01 Bolt Magazine
50:36 Ballistics
51:17 Chemistry
54:06 Guilds
Amby
11:02 Feudal Age
14:14 Castle Age
14:14 Double-Bit Axe
19:36 Horse Collar
30:24 Imperial Age
28:53 Gold Mining
29:06 Heavy Plow
29:28 Bow Saw
29:31 Stone Mining
30:37 Scale Barding Armor
31:30 Wheelbarrow
30:41 Loom
31:33 Bloodlines
31:23 Husbandry
31:30 Tusk Swords
32:08 Husbandry
35:47 Chemistry
35:06 Elite Battle Elephant
37:00 Forging
37:10 Chain Barding Armor
39:12 Plate Barding Armor
40:02 Gold Shaft Mining
41:45 Conscription
43:02 Iron Casting
42:19 Fletching
41:57 Light Cavalry
42:52 Hussar
45:04 Double Crossbow
45:19 Elite Ballista Elephant
47:32 Blast Furnace
46:31 Bodkin Arrow
46:37 Bodkin Arrow
48:04 Caravan
55:14 Crop Rotation
oioi55669
6:37 Loom
11:01 Feudal Age
15:18 Castle Age
13:09 Double-Bit Axe
13:38 Horse Collar
16:13 Bow Saw
16:08 Heavy Plow
27:26 Wheelbarrow
26:54 Gold Mining
26:54 Stone Mining
26:54 Gold Mining
26:54 Stone Mining
30:21 Imperial Age
28:37 Wheelbarrow
29:42 Scale Barding Armor
29:47 Forging
30:03 Husbandry
30:15 Bloodlines
29:59 Cavalier
31:03 Chain Barding Armor
31:34 Savar
32:49 Scale Mail Armor
33:30 Iron Casting
33:35 Plate Barding Armor
33:23 Caravan
35:59 Blast Furnace
36:21 Kamandaran
38:55 Scale Mail Armor
39:33 Gold Shaft Mining
39:33 Stone Shaft Mining
39:33 Gold Shaft Mining
39:33 Ballistics
40:15 Chemistry
40:01 Citadels
40:12 Man-at-Arms
40:38 Gambesons
43:44 Conscription
43:30 Long Swordsman
44:38 Elite Skirmisher
45:29 Padded Archer Armor
45:19 Fletching
45:29 Padded Archer Armor
45:19 Fletching
45:10 Crossbowman
45:55 Thumb Ring
45:53 Murder Holes
49:26 Bodkin Arrow
49:46 Leather Archer Armor
49:26 Bodkin Arrow
54:18 Pikeman
55:41 Halberdier
56:21 Squires
58:04 Light Cavalry
59:55 Chain Mail Armor
Connection lost

Rejoining the realm…

Still unreachable

The connection could not be restored.

Session expired

The server has moved on; the page needs a fresh start.